 Dungeon Crawl Stone Soup version 0.23.2-33-g5129a83184 (webtiles) character file.

Game seed: 10174418506408148444

841 Felnil the Skirmisher (level 8, -2/130 HPs)
             Began as an Ogre Fighter on Aug 7, 2019.
             Slain by an orc warrior
             ... wielding a +0 trident
              (8 damage)
             ... on level 5 of the Dungeon.
             The game lasted 00:13:03 (3642 turns).

Felnil the Skirmisher (Ogre Fighter)                Turns: 3642, Time: 00:13:03

Health: -2/130     AC: 24    Str: 25    XL:     8   Next: 0%
Magic:  8/8        EV:  1    Int:  9    God:
Gold:   181        SH:  9    Dex:  8    Spells: 7/7 levels left

rFire    . . .     SeeInvis .   r - +2 hand axe (venom)
rCold    . . .     Gourm    .   c - +0 shield
rNeg     + + +     Faith    .   (armour currently unavailable)
rPois    +         Spirit   .   (helmet currently unavailable)
rElec    .         Reflect  .   (cloak currently unavailable)
rCorr    .         Harm     .   (gloves unavailable)
MR       .....     NoTele   +   (boots unavailable)
Stlth    +.........             (no amulet)
HPRegen  0.31/turn              h - +2 ring of strength
MPRegen  0.11/turn              (no ring)

@: tree-form
A: large, unfitting armour
a: no special abilities


You were on level 5 of the Dungeon.
You were not hungry.
You were a tree.
You visited 1 branch of the dungeon, and saw 5 of its levels.

You collected 181 gold pieces.

Inventory:

Hand Weapons
 a - a +0 war axe
 r - a +2 hand axe of venom (weapon)
Armour
 b - a +0 robe (melded)
 c - a +0 shield (worn)
Jewellery
 h - a +2 ring of strength (left branch)
Wands
 t - a wand of flame (18)
Scrolls
 j - 2 scrolls of remove curse
 l - 2 scrolls of teleportation
 n - 2 scrolls of amnesia
 q - a scroll of fog
 s - a scroll of identify
Potions
 d - a potion of might
 i - a potion of lignification
 o - 2 potions of agility
 v - 3 potions of brilliance
Comestibles
 f - 6 rations
 p - 2 chunks of flesh


   Skills:
 + Level 7.0 Fighting
 + Level 4.7 Axes
 + Level 4.7 Dodging
 + Level 4.7 Shields


You had 7 spell levels left.
You didn't know any spells.
Your spell library was empty.

Dungeon Overview and Level Annotations

Branches:
Dungeon (5/15)
 Temple: D:4-7

Altars:

Shops:
D:4 *


Innate Abilities, Weirdness & Mutations

You are too large for most types of armour.
((You have tough skin. (AC +1)))


Message History

You slash the centaur!
You kill the centaur!
Your Fighting skill increases to level 7!
You have reached level 8!
You hit the phantom.
The orc warrior hits you but does no damage.
You block the phantom's attack.
The crimson imp hits you but does no damage.
You completely miss the crimson imp. You barely miss the phantom.
The orc warrior hits you from afar with a +0 trident.
* * * LOW HITPOINT WARNING * * *
You block the phantom's attack. You block the crimson imp's attack.
The orc warrior complains loudly, in orcish tradition.
The orc warrior hits you from afar with a +0 trident!
* * * LOW HITPOINT WARNING * * *
You barely miss the crimson imp. You hit the phantom.
The phantom hits you but does no damage.
You block the crimson imp's attack.
The orc warrior hits you from afar with a +0 trident!
You die...

.....# ....# #.. #...# #...
#...# ##############
#...#+#...# ##...........).
.#.........# ##............#.
...........###..>............
.........s5♣W.....÷.........
.........o###.......<.......
...#...#..................#
#...#?#o..................#
..#.s.#...................##
.......z..................##
.#...#H..#......#####.#...#
#?#...#$#......... #.###..
...#...# ......##. ... ...


You could see a phantom, an orc warrior, a scorpion and a crimson imp.

Vanquished Creatures
  A hippogriff (D:5)
  A phantom (D:4)
  A centaur (D:5)
  A scorpion (D:4)
  A wight (D:5)
  A crimson imp (D:5)
  An orc priest (D:4)
  2 hounds (D:5)
  A centaur skeleton (D:5)
  2 worker ants (D:4)
  A hound skeleton (D:5)
  A worker ant zombie (D:2)
  A gnoll (D:5)
  8 adders
  2 oozes
  An adder skeleton (D:5)
  4 dart slugs
  4 leopard geckos
  3 orcs
  4 giant cockroaches
  8 goblins
  15 hobgoblins
  15 jackals
  8 kobolds
  2 quokkas (D:2)
  7 bats
  6 frilled lizards
  3 rats (D:1)
105 creatures vanquished.

Notes
Turn   | Place    | Note
-------+----------+-------------------------------------------
     0 | D:1      | Felnil the Ogre Fighter began the quest for the Orb.
     0 | D:1      | Reached XP level 1. HP: 24/24 MP: 1/1
    32 | D:1      | Reached XP level 2. HP: 17/32 MP: 2/2
   484 | D:1      | Reached XP level 3. HP: 35/40 MP: 3/3
  1108 | D:2      | Reached XP level 4. HP: 41/49 MP: 4/4
  1340 | D:2      | Reached skill level 5 in Fighting
  1676 | D:2      | Reached XP level 5. HP: 30/57 MP: 5/5
  2824 | D:4      | Reached XP level 6. HP: 58/66 MP: 6/6
  2918 | D:4      | Noticed a phantom
  2947 | D:4      | Killed a phantom
  2947 | D:4      | Reached skill level 6 in Fighting
  3065 | D:4      | Found Fotroth's General Store.
  3531 | D:5      | Entered Level 5 of the Dungeon
  3541 | D:5      | Reached XP level 7. HP: 67/75 MP: 7/7
  3586 | D:5      | Noticed a hippogriff
  3623 | D:5      | Killed a hippogriff
  3640 | D:5      | Reached skill level 7 in Fighting
  3640 | D:5      | Reached XP level 8. HP: 16/87 MP: 8/8
  3641 | D:5      | HP: 5/130 [orc warrior/+0 trident (7)]
  3642 | D:5      | Slain by an orc warrior

Skill      XL: |  1  2  3  4  5  6  7 |
---------------+----------------------+-----
Dodging        | 3 4 |  4.7
Shields        | 3 4 |  4.7
Fighting       | 5 6 7 |  7.0
Axes           | 3 4 |  4.7

Action                   |  1- 3 |  4- 6 |  7- 9 || total
-------------------------+-------+-------+-------++-------
Melee: War axe           |   121 |    96 |       ||   217
       Hand axe          |       |    65 |    56 ||   121
  Use: Scroll            |       |    13 |     2 ||    15
       Potion            |       |       |     7 ||     7
 Stab: Sleeping          |       |     1 |       ||     1
  Eat: Chunk             |       |     7 |     2 ||     9
Armor: Robe              |    45 |    39 |     5 ||    89
       Skin              |       |       |    63 ||    63
Dodge: Dodged            |    60 |    56 |    13 ||   129
Block: Shield            |    56 |    93 |    57 ||   206
